 Dungeon Crawl Stone Soup version 0.26-a0-812-g31a745ddcd (webtiles) character file.

Game seed: 11897348159668135856

15 Lanoc the Caller (level 2, 0/22 HPs)
             Began as a Naga Summoner on Nov 23, 2020.
             Slain by a hobgoblin (4 damage)
             ... on level 2 of the Dungeon.
             The game lasted 00:01:17 (240 turns).

Lanoc the Caller (Naga Summoner)                     Turns: 240, Time: 00:01:18

Health: 0/22       AC:  1    Str: 10    XL:     2   Next: 50%
Magic:  2/5        EV: 10    Int: 15    God:
Gold:   0          SH:  0    Dex: 11    Spells: 2/5 levels left

rFire    . . .     SeeInvis +   (no weapon)
rCold    . . .     Faith    .   (no shield)
rNeg     . . .     Spirit   .   a - +0 robe
rPois    +         Reflect  .   (no helmet)
rElec    .         Harm     .   (no cloak)
rCorr    .         Rampage  .   (no gloves)
MR       .....                  (no barding)
Stlth    ++........             (no amulet)
HPRegen  0.07/turn              (no ring)
MPRegen  0.09/turn              (no ring)

@: short of breath, very slow
A: large, see invisible, deformed body, poison resistance, slowness 2, spit
poison 1, AC +0
a: Spit Poison


You were on level 2 of the Dungeon.
You visited 1 branch of the dungeon, and saw 3 of its levels.

Inventory:

Armour
 a - a +0 robe (worn)


   Skills:
 + Level 1.9 Dodging
 - Level 3.0 Stealth
 - Level 2.0 Spellcasting
 * Level 4.4 Summonings


You had 2 spell levels left.
You knew the following spells:

 Your Spells              Type           Power        Failure   Level
a - Summon Small Mammal   Summ           ##..         3%          1
b - Call Imp              Summ           ##......     5%          2

Your spell library contained the following spells:

 Spells                   Type           Power        Failure   Level
 Call Canine Familiar     Summ           ##......     11%         3
 Summon Guardian Golem    Hex/Summ       #.......     26%         3
 Summon Ice Beast         Ice/Summ       #.......     65%         4
 Summon Lightning Spire   Summ/Air       #.......     65%         4


Dungeon Overview and Level Annotations

Branches:
Dungeon (3/15)

Altars:


Innate Abilities, Weirdness & Mutations

You cannot wear boots.
Your serpentine skin is tough. (AC +0)
You have supernaturally acute eyesight. (SInv)
Armour fits poorly on your strangely shaped body.
Your system is resistant to poisons. (rPois)
You cover ground very slowly.
You can spit poison.


Message History

There is a stone staircase leading up here.
You see here a stone.
The orc throws a stone.
The stone closely misses your crimson imp.
The stone hits the worm.
Your crimson imp hits the worm.
The worm bites you!
Ouch! That really hurt!
You climb upwards.
You have got your breath back.
There is a stone staircase leading down here.
You see here a worm corpse.
A hobgoblin comes into view.
The worm looks more healthy.
The hobgoblin moves out of view.
Press: ? - help, Shift-Dir - straight line, f - worm
Aim: a worm (heavily wounded)
The splash of poison hits the worm.
The worm is poisoned.
The worm is severely wounded.
The hobgoblin hits you.
* * * LOW HITPOINT WARNING * * *
The hobgoblin hits you.
You die...

#... ##.# ##..# #.##
...##..# .. #..##.#
.. ## #..#.###.#
##... #...##..# #...
###..##.## #..#
#........###..#
##.##..##..w@g###.
#..###.#..........#
#.#....>...#...###..
#....##...#####...#
...####..## ##...
...# #.## ### #..#
#.# ### ###


You could see a worm (poisoned) and a hobgoblin.

Vanquished Creatures
  An adder (D:2)
  A leopard gecko (D:2)
  A bat (D:2)
3 creatures vanquished.

Vanquished Creatures (collateral kills)
  A worm (D:2)
  A leopard gecko (D:1)
2 creatures vanquished.

Grand Total: 5 creatures vanquished

Notes
Turn   | Place    | Note
-------+----------+-------------------------------------------
     0 | D:1      | Lanoc the Naga Summoner began the quest for the Orb.
     0 | D:1      | Reached XP level 1. HP: 15/15 MP: 3/3
   181 | D:2      | Reached XP level 2. HP: 16/22 MP: 1/5
   186 | D:2      | Learned a level 2 spell: Call Imp
   240 | D:2      | Slain by a hobgoblin

Illustrated notes

Levels and vault maps discovered:
D:1:      dpeg_arrival_tiny_j, layout_basic, minmay_misc_feat_five
D:2:      layout_rooms, kennysheep_generic_room_7, uniq_jessica
D:3:      layout_basic, uniq_ijyb, uniq_crazy_yiuf_cottage, uniq_natasha

Action                   || total
-------------------------++-------
Melee: Unarmed           ||     6
 Cast: Summon Small Mamm ||     9
       Call Imp          ||     1
 Abil: Spit Poison       ||    11
 Stab: Sleeping          ||     1
Armor: Robe              ||     3
Dodge: Dodged            ||     7

Table legend: (Time is in decaauts)
 A = Elapsed time spent in this place.
 B = Non-inter-level travel time spent in this place.
 C = Inter-level travel time spent in this place.
 D = Time resting spent in this place.
 E = Time spent auto-exploring this place.
 F = Levels seen in this place.
 G = Mean time per level.
                   A        B        C        D        E       F      G
               +--------+--------+--------+--------+--------+-----+--------+
         Total |    263 |    252 |     11 |     51 |    106 |   3 |   87.7 |
       Dungeon |    263 |    252 |     11 |     51 |    106 |   3 |   87.7 |
               +--------+--------+--------+--------+--------+-----+--------+

Top non-repeatable levels by time:
     D:2: 226 daAuts
     D:1: 26 daAuts
     D:3: 11 daAuts
